Map: 16-Bit LE

Players

Nigrnog - Winner!

  • Race: Zerg Zerg
  • League: Gold
  • Spawn Location: 1:00

MooEsqoo

  • Race: Protoss Protoss
  • Spawn Location: 7:00

VOD

Have the link to the VOD?

Description

Time

  • Played on: Jan. 14, 2020, 12:45 p.m.
  • Length: 10:09
Show
View Real Time Build Order
Export as new Build Order

Nigrnog Zerg - Winner!

Build Orders: 1 Base Baneling Bust, Pool First, Muta Ling Bane 

Get SALT Encoding   

  12  0:01  Drone  
  13  0:13  Overlord  
  13  0:18  Drone  
  14  0:29  Extractor  
  13  0:37  Spawning Pool  
  12  0:43  Drone  
  12  0:47  Drone  
  14  0:50  Drone  
  14  0:54  Drone  
  16  0:59  Extractor  
  15  1:07  Drone  
  16  1:17  Overlord  
  16  1:28  Metabolic Boost  
  16  1:36  Queen  
  18  1:41  Zergling x2  
  19  1:47  Zergling x2  
  19  1:52  Drone  
  21  1:59  Zergling x2  
  22  2:10  Drone  
  23  2:16  Lair  
  23  2:20  Zergling x2  
  24  2:32  Baneling Nest  
  24  2:33  Zergling x2  
  24  2:43  Zergling x2  
  25  2:46  Zergling x2  
  25  2:48  Zergling x2  
  27  2:55  Drone  
  28  3:00  Drone  
  29  3:15  Overlord  
  29  3:18  Drone  
  30  3:28  Spire  
  30  3:33  Spore Crawler  
  21  3:57  Drone x4  
  21  3:58  Drone  
  21  4:01  Baneling x3  
  26  4:08  Spore Crawler  
  25  4:19  Centrifical Hooks  
  24  4:54  Mutalisk x3  
  24  4:55  Mutalisk  
  32  5:03  Zergling x2  
  32  5:04  Zergling x2  
  34  5:08  Zergling x2  
  35  5:21  Hatchery  
  35  5:23  Drone  
  35  5:30  Zergling x4  
  37  5:41  Zerg Flyer Weapons Level 1  
  37  5:46  Overlord  
  37  5:54  Drone  
  38  6:24  Mutalisk x4  
  46  6:43  Mutalisk  
  46  7:08  Mutalisk  
  46  7:15  Zergling x8  
  52  7:36  Hatchery  
  49  8:05  Mutalisk x2  
  52  8:15  Overlord  
  52  8:16  Overlord x7  
  47  8:57  Mutalisk x4  
  55  9:16  Mutalisk  
  56  9:24  Zergling x6  
  56  9:25  Zergling x8  
Show
View Real Time Build Order
Export as new Build Order

MooEsqoo Protoss 

Build Orders: 1 Gate Expand, Oracle Opening 

Get SALT Encoding   

  12  0:02  Probe  
  13  0:18  Pylon  
  13  0:22  Probe  
  14  0:34  Probe  
  15  0:37  Gateway  
  15  0:46  Probe (Chrono Boost)  
  16  0:53  Assimilator  
  16  0:58  Probe (Chrono Boost)  
  17  1:06  Probe (Chrono Boost)  
  19  1:29  Nexus  
  18  1:38  Cybernetics Core  
  18  1:57  Pylon  
  18  2:05  Probe  
  19  2:18  Probe  
  19  2:19  Stargate  
  20  2:30  Assimilator  
  20  2:31  Probe, Stalker (Chrono Boost)  
  23  2:41  Probe  
  23  2:43  Probe  
  25  2:54  Probe  
  26  3:06  Probe x2  
  26  3:09  Oracle (Chrono Boost)  
  31  3:18  Probe x2  
  33  3:24  Shield Battery  
  33  3:27  Stalker  
  33  3:31  Probe x2  
  37  3:43  Probe x2  
  31  3:57  Stalker (Chrono Boost)  
  33  4:07  Oracle (Chrono Boost)  
  36  4:20  Stalker (Chrono Boost)  
  38  4:25  Probe x2  
  40  4:37  Probe  
  40  4:38  Probe  
  42  4:49  Probe  
  42  4:50  Probe  
  42  4:51  Stalker  
  46  4:58  Gateway x2  
  46  4:59  Assimilator  
  46  5:02  Assimilator  
  46  5:04  Pylon  
  46  5:20  Nexus  
  46  5:23  Assimilator  
  46  5:28  Assimilator  
  46  5:31  Warp Gate (Chrono Boost), Pylon  
  46  5:40  Sentry (Chrono Boost)  
  48  5:51  Stalker (Chrono Boost)  
  48  5:52  Stalker (Chrono Boost)  
  52  6:11  Shield Battery  
  52  6:16  Forge  
  51  6:20  Twilight Council  
  44  7:06  Photon Cannon  
  43  7:16  Pylon  
  43  7:25  Pylon  
  43  7:32  Pylon, Probe x2  
  44  7:44  Probe x2  
  40  7:48  Stalker x2  
  40  7:49  Stalker  
  41  8:04  Probe x2  
  41  8:05  Probe  
  44  8:07  Void Ray  
  44  8:10  Photon Cannon  
  48  8:16  Probe  
  48  8:17  Probe x2  
  39  8:47  Probe x3  
  39  8:59  Probe x3  
  41  9:11  Probe x3  
  43  9:24  Probe x2  
  37  9:43  Stalker  
Tags
 
Add a new tag
Caveats
  • Supply blocks, unpowered buildings, or Contaminate may cause inaccurate times.
  • Supply counts are checked every 10 seconds.